 Dungeon Crawl Stone Soup version 0.29.1-12-g30fa7ad0bf (webtiles) character file.

Game seed: 4897304355130211140

460 soggyman666 the Cleaver (level 6, -6/52 HPs)
             Began as a Minotaur Fighter on Dec 28, 2022.
             Mangled by Duvessa
             ... wielding a +0 short sword
              (15 damage)
             ... on level 4 of the Dungeon.
             The game lasted 00:08:52 (4161 turns).

soggyman666 the Cleaver (Minotaur Fighter)          Turns: 4161, Time: 00:08:53

Health: -6/52      AC:  9    Str: 23    XL:     6   Next: 78%
Magic:  5/5        EV:  7    Int:  5    God:
Gold:   638        SH:  4    Dex:  9    Spells: 5/5 levels left

rFire   . . .      SeeInvis .   m - +1 hand axe (flame)
rCold   . . .      Faith    .   c - +0 buckler
rNeg    . . .      Spirit   .   f - +0 chain mail
rPois   .          Reflect  .   r - +0 hat
rElec   .          Harm     .   (no cloak)
rCorr   +          Rampage  .   (no gloves)
Will    .....                   (no boots)
Stlth   ..........              (no amulet)
HPRegen 0.17/turn               j - ring of resist corrosion
MPRegen 0.09/turn               (no ring)

@: no status effects
A: horns 2, retaliatory headbutt
a: no special abilities


You were on level 4 of the Dungeon.
You visited 1 branch of the dungeon, and saw 4 of its levels.

You collected 638 gold pieces.

Inventory:

Hand Weapons
 a - a +0 war axe
 m - a +1 hand axe of flaming (weapon)
Armour
 c - a +0 buckler (worn)
 f - a +0 chain mail (worn)
 r - a +0 hat (worn)
Jewellery
 j - a ring of resist corrosion (left hand)
Scrolls
 b - a scroll of brand weapon {unknown}
 h - 3 scrolls of blinking
 i - 4 scrolls of teleportation
 k - 2 scrolls of magic mapping
 l - 3 scrolls of immolation
 n - a scroll of amnesia
Potions
 d - a potion of might
 e - a potion of lignification {unknown}
 o - 2 potions of degeneration {unknown}
 p - 2 potions of curing {unknown}


   Skills:
 + Level 3.9 Fighting
 + Level 8.4 Axes
 + Level 3.9 Armour
 + Level 0.7 Dodging
 + Level 3.9 Shields


You had 5 spell levels left.
You didn't know any spells.
Your spell library contained the following spells:

 Spells                   Type           Power      Damage    Failure   Level
 Summon Small Mammal      Summ           0%         N/A       99%         1
 Call Canine Familiar     Summ           0%         N/A       100%        3
 Summon Guardian Golem    Hex/Summ       0%         N/A       100%        3
 Leda's Liquefaction      Hex/Erth       0%         N/A       100%        4
 Lee's Rapid Deconstruct  Erth           0%         3d5*      100%        5
 Statue Form              Tmut/Erth      0%         N/A       100%        6


Dungeon Overview and Level Annotations

Branches:
Dungeon (4/15)
 Temple: D:4-7

Altars:
Xom

Shops:
D:1 (

Annotations:
D:3 2 transporters, retardedninja's ghost, amateur HOFi
D:4 Duvessa


Innate Abilities, Weirdness & Mutations

You have a pair of horns on your head.
You reflexively headbutt those who attack you in melee.


Message History

You closely miss Dowan. Dowan hits you with a +0 dagger.
You hit Dowan. You burn Dowan. You headbutt Dowan.
Dowan is heavily wounded.
You closely miss Dowan. Your headbutt misses Dowan.
Dowan is heavily wounded.
Dowan hits you but does no damage.
You hit Dowan. You burn Dowan. Your headbutt misses Dowan.
Dowan is heavily wounded.
You hit Duvessa. You burn Duvessa. Duvessa hits you with a +0 short sword.
Dowan hits you with a +0 dagger.
You closely miss Dowan. You headbutt Dowan!
Dowan is severely wounded.
You hit Duvessa but do no damage. You block Duvessa's attack.
Dowan hits you with a +0 dagger.
You slash Dowan! You burn Dowan.
You kill Dowan!
Duvessa screams, "No!
How DARE you!"
Duvessa goes berserk!
You hit Duvessa but do no damage. Duvessa barely misses you.
An adder comes into view.
Duvessa hits you with a +0 short sword.
You are too injured to fight recklessly!
Unknown command.
Unknown command.
You are too injured to fight recklessly!
Unknown command.
You are too injured to fight recklessly!
Unknown command.
You are too injured to fight recklessly!
You closely miss Duvessa.
Duvessa is lightly wounded.
Duvessa barely misses you.
You hit Duvessa. You burn Duvessa. Your headbutt misses Duvessa.
Duvessa is lightly wounded.
Duvessa hits you with a +0 short sword. Duvessa hits you with a +0 short sword!
* * * LOW HITPOINT WARNING * * *
You hit Duvessa but do no damage.
Duvessa is lightly wounded.
Duvessa hits you with a +0 short sword!
You die...

...... ...... ......
#...... ###.......
......... ####
#).......
#..#########@e......
#...##..##...S.....#
#........#..#.......
##.........##..#....
##........# ### ...
##......## #. ##
##..##..####..
#......#....
#....<....#


You could see Duvessa (berserk) and an adder.

Vanquished Creatures
  Sigmund (D:3)
  Dowan (D:4)
  An orc wizard (D:3)
  Natasha (thrice) (D:3)
  5 adders
  4 worms
  A dart slug (D:2)
  7 orcs (D:3)
  4 ball pythons
  7 bats
  6 endoplasms
  3 giant cockroaches
  4 goblins
  10 hobgoblins
  2 jackals (D:1)
  3 kobolds (D:1)
  3 quokkas
  7 frilled lizards
  4 rats
76 creatures vanquished.

Notes
Turn   | Place    | Note
-------+----------+-------------------------------------------
     0 | D:1      | soggyman666 the Minotaur Fighter began the quest for the
                  | Orb.
     0 | D:1      | Reached XP level 1. HP: 19/19 MP: 0/0
    72 | D:1      | Found Uzitabb's Antique Weapon Emporium.
   193 | D:1      | Reached skill level 3 in Axes
   216 | D:1      | Reached XP level 2. HP: 23/27 MP: 1/1
   505 | D:1      | Found a faded altar of an unknown god.
   879 | D:1      | Identified a scroll of acquirement
   885 | D:1      | Acquired 431 gold pieces
   940 | D:2      | Reached skill level 4 in Axes
   957 | D:2      | Reached XP level 3. HP: 33/33 MP: 2/2
  1243 | D:2      | You fall into a shaft and drop 1 floor!
  1293 | D:3      | Noticed retardedninja's ghost (amateur HOFi)
  1295 | D:3      | Noticed a sky beast
  1314 | D:3      | Reached skill level 5 in Axes
  1331 | D:3      | Reached XP level 4. HP: 23/40 MP: 3/3
  1887 | D:2      | Reached skill level 6 in Axes
  2046 | D:2      | Reached XP level 5. HP: 46/46 MP: 4/4
  2346 | D:3      | Noticed Sigmund
  2358 | D:3      | Killed Sigmund
  2359 | D:3      | Reached skill level 7 in Axes
  2359 | D:3      | Reached XP level 6. HP: 46/52 MP: 5/5
  2361 | D:3      | Reached skill level 8 in Axes
  2427 | D:3      | Found a transporter.
  2431 | D:3      | Found a transporter.
  2589 | D:3      | Found a shimmering altar of Xom.
  2997 | D:3      | Noticed Natasha
  3010 | D:3      | Killed Natasha
  3605 | D:3      | Noticed Natasha
  3613 | D:3      | Killed Natasha
  4072 | D:3      | Noticed Natasha
  4082 | D:3      | Killed Natasha
  4149 | D:4      | Noticed Dowan
  4149 | D:4      | Noticed Duvessa
  4158 | D:4      | Killed Dowan
  4161 | D:4      | Mangled by Duvessa

Illustrated notes

Levels and vault maps discovered:
D:1:      elethiomel_arrival_quiet, layout_basic, ebering_ecumenical_altar_rust,
          serial_shops, shop_statue, hex_tiny
D:2:      layout_basic, kennysheep_generic_room_6
D:3:      kennysheep_six_static_rooms, layout_basic, tgw_xom,
          gammafunk_ghost_arena, uniq_natasha, uniq_sigmund
D:4:      layout_cave_pools, overflow_temple_1_default,
          minmay_temple_entry_statues_pillars, uniq_duvessa

Skill      XL: |  1  2  3  4  5  6 |
---------------+-------------------+-----
Axes           | 3 4 5 6 7 8 |  8.4
Fighting       | |  3.9
Armour         | |  3.9
Dodging        | |  0.7
Shields        | |  3.9

Action                   |  1- 3 |  4- 6 || total
-------------------------+-------+-------++-------
Melee: War axe           |    89 |   117 ||   206
       Headbutt          |    13 |    14 ||    27
       Hand axe          |       |    17 ||    17
  Use: Scroll            |     5 |     5 ||    10
Armor: Scale mail        |    40 |       ||    40
       Chain mail        |       |    53 ||    53
Dodge: Dodged            |    38 |    43 ||    81
Block: Buckler           |    23 |    28 ||    51
